 Dungeon Crawl Stone Soup version 0.16-a0-1816-g2c93a98 (webtiles) character file.

220 timbw the Cudgeler (level 5, 6/43 HPs)
             Began as a Troll Hunter on Nov 3, 2014.
             Quit the game on level 6 of the Dungeon.
             The game lasted 00:03:38 (772 turns).

timbw the Cudgeler (Troll Hunter)                    Turns: 772, Time: 00:03:38

Health: 6/43       AC:  5    Str: 20    XL:     5   Next: 64%
Magic:  2/2        EV: 10    Int:  7    God:
Gold:   39         SH:  0    Dex: 11    Spells: 0 memorised, 4 levels left

rFire  + . .     SeeInvis .     (no weapon)
rCold  . . .     Clarity  .     d - +0 animal skin
rNeg   . . .     SustAb   .     (shield restricted)
rPois  .         Gourm    +     (helmet restricted)
rElec  .         Spirit   .     (no cloak)
rCorr  .         Warding  .     (gloves unavailable)
rMut   .         Stasis   .     (boots unavailable)
MR     .....                    (no amulet)
Stlth  +.........               (no ring)
                                (no ring)

@: seriously poisoned, not resistant to hostile enchantments, very unstealthy
A: unfitting armour, claws 3, fire resistance 1, fast metabolism 3, frail 1,
gourmand, regeneration 2, shaggy fur 1, tough skin 2, MP-powered wands 1
a: no special abilities


You were on level 6 of the Dungeon.
You were not hungry.

You visited 1 branch of the dungeon, and saw 7 of its levels.

You collected 39 gold pieces.

Inventory:

Hand weapons
 e - a +0 whip
 f - a +0 giant club
 m - a +0 flail
Armour
 d - a +0 animal skin (worn)
Magical devices
 l - a wand of disintegration (12)
Scrolls
 h - a scroll of identify
 i - a scroll of remove curse
Books
 j - a book of Conjurations

   Spells                             Type                      Level
   Magic Dart                         Conjuration                  1
   Searing Ray                        Conjuration                  2
   Dazzling Spray                     Conjuration/Hexes            3
   Fulminant Prism                    Conjuration/Hexes            4
   Iskenderun's Mystic Blast          Conjuration                  4
   Iskenderun's Battlesphere          Conjuration/Charms           5
Comestibles
 a - 2 meat rations


   Skills:
 - Level 1.5 Fighting
 + Level 4.5 Maces & Flails
 - Level 3.6 Throwing
 - Level 2.4 Dodging
 - Level 0.4 Stealth


You had 4 spell levels left.
You didn't know any spells.

Dungeon Overview and Level Annotations

Branches:
Dungeon (7/15)
 Temple: D:4-7

Altars:
Ashenzari
Fedhas


Innate Abilities, Weirdness & Mutations

You are too large for most types of armour.
You have claws for hands.
Your metabolism is lightning-fast.
You like to eat raw meat.
You heal very quickly.
You are covered in fur (AC +1).
You have very tough skin (AC +2).
Your flesh is heat resistant.
You are frail (-10% HP).
You expend magic power (6 MP) to slightly strengthen your wands.


Message History

* * * LOW HITPOINT WARNING * * *
You are poisoned.
The adder poisons you!
Found a stone staircase leading down.
You feel sick.
Drink which item? (? for menu, Esc to quit)
You feel extremely strange.
You feel resistant to heat.
You feel less able to contain your magic power.
You feel frail.
It was a potion of mutation.
The iguana is no longer bleeding.
The adder barely misses you. x2
Drink which item? (? for menu, Esc to quit)
That liquid tasted very nasty...
You are more poisoned.
It was a potion of poison.
You feel sick. The adder bites you but does no damage.
Drink which item? (? for menu, Esc to quit)
You feel refreshed.
It was a potion of restore abilities.
You feel sick. The adder barely misses you.
Are you sure you want to abandon this character and quit the game? (Confirm with "yes".)

... .........
....>..... ........
......# ..... ....
... ..... #.# .....
#@# ......# #S##
.......##ll#######
(.(.l.)(..........
..............##...
...._......####
.......#...# ####
.......#...##.....
...##........#


You could see an iguana, an adder and a giant gecko.

Vanquished Creatures
  An ogre (D:6)
  An iguana (D:6)
  A centaur skeleton (D:5)
  2 gnolls (D:6)
  2 adders
  A worm (D:2)
  A giant gecko (D:1)
  3 orcs (D:6)
  2 ball pythons
  5 goblins
  3 hobgoblins
  3 kobolds
  A quokka (D:4)
  2 bats
  A giant newt (D:5)
  A hobgoblin skeleton (D:4)
  3 jackals (D:1)
  4 rats
37 creatures vanquished.

Notes
Turn   | Place    | Note
--------------------------------------------------------------
     0 | D:1      | timbw, the Troll Hunter, began the quest for the Orb.
     0 | D:1      | Reached XP level 1. HP: 19/19 MP: 1/1
    54 | D:1      | Reached XP level 2. HP: 22/27 MP: 1/1
   238 | D:2      | Reached skill level 1 in Maces & Flails
   266 | D:2      | Reached XP level 3. HP: 33/33 MP: 2/2
   328 | D:4      | Found a shattered altar of Ashenzari.
   391 | D:5      | Entered Level 5 of the Dungeon
   431 | D:5      | Reached XP level 4. HP: 29/41 MP: 2/2
   436 | D:5      | Noticed a centaur
   586 | D:6      | Noticed an orc warrior
   705 | D:6      | Reached XP level 5. HP: 30/48 MP: 2/2
   733 | D:6      | Found a blossoming altar of Fedhas.
   733 | D:6      | Noticed an ogre
   744 | D:6      | Killed an ogre
   744 | D:6      | Reached skill level 4 in Maces & Flails
   769 | D:6      | Gained mutation: Your flesh is heat resistant. [potion of mutation]
   769 | D:6      | Gained mutation: You expend magic power (6 MP) to slightly strengthen your wands. [potion of mutation]
   769 | D:6      | Gained mutation: You are frail (-10% HP). [potion of mutation]
   772 | D:6      | Quit the game

Action                   |  1- 3 |  4- 6 || total
-------------------------+-------+-------++-------
Melee: Unarmed           |   103 |    35 ||   138
Throw: Large rock        |       |    10 ||    10
       Throwing net      |       |     2 ||     2
  Use: Scroll            |     1 |       ||     1
       Potion            |       |     3 ||     3
  Eat: Chunk             |     1 |     5 ||     6
